General information
- name: BNet
- type: Ladder team game (AT/RT)
- host: Battle.net
- saver: TheMerc
map: MarketSquare
- players: 8
- length: 45:48
- speed: Fast
- version: 1.26 W3XP
- replay type: Public
» download(274 KB)
Players
team 1 (winner)

»
1[S3 (
purple | 29 APM | 1347 actions | 45:46)
6 Crypt Lord
3 Carrion Beetles
2 Spiked Carapace
1 Locust Swarm
5 Death Knight
3 Death Coil
2 Unholy Aura
» actions
| Basic commands | 5 | |
| Build / train | 84 | |
| Enter build submenu | 12 | |
| Enter hero's abilities submenu | 11 | |
| Give item / drop item | 3 | |
| Right click | 859 | |
| Select / deselect | 260 | |
| Use ability | 113 | |
1347 total
» units
| Acolyte | 2 | |
| Ghoul | 12 | |
| Assassin | 3 | |
| Rogue | 3 | |
| Obsidian Statue | 8 | |
| Frost Wyrm | 8 | |
| Crypt Fiend | 2 | |
38 total
» upgrades
| Cannibalize | 1 | |
| Destroyer Form | 1 | |
| Creature Attack | 3 | |
| Freezing Breath | 1 | |
| Web | 1 | |
7 total
» buildings
| Crypt | 1 | |
| Ziggurat | 5 | |
| Altar of Darkness | 1 | |
| Tomb of Relics | 1 | |
| Halls of the Dead | 2 | |
| Graveyard | 1 | |
| Black Citadel | 1 | |
| Sacrificial Pit | 1 | |
| Slaughterhouse | 1 | |
| Boneyard | 1 | |
| Spirit Tower | 2 | |
17 total
» build order
00:12 Crypt
00:15 Ziggurat
00:45 Altar of Darkness
01:01 Tomb of Relics
01:58 Ziggurat
02:50 Halls of the Dead
02:50 Halls of the Dead
06:47 Graveyard
07:05 Black Citadel
07:34 Ziggurat
08:06 Sacrificial Pit
08:27 Slaughterhouse
09:28 Boneyard
09:33 Ziggurat
10:53 Spirit Tower
10:55 Spirit Tower
11:47 Ziggurat
» items
| Rod of Necromancy | 2 | |
| Dust of Appearance | 2 | |
| Scroll of Town Portal | 5 | |
| Potion of Healing | 1 | |
| Boots of Speed | 1 | |
| Potion of Lesser Invulnerability | 2 | |
| Orb of Corruption | 1 | |
14 total

»
surtain23 (
teal | 40 APM | 1811 actions | 45:46)
6 Beastmaster
2 Summon Quilbeast
3 Summon Hawk
1 Stampede
1 Priestess of the Moon
1 Trueshot Aura
» actions
| Assign group hotkey | 15 | |
| Basic commands | 41 | |
| Build / train | 131 | |
| Enter build submenu | 31 | |
| Enter hero's abilities submenu | 7 | |
| Remove unit from queue | 3 | |
| Right click | 1012 | |
| Select / deselect | 483 | |
| Select group hotkey | 9 | |
| Use ability | 79 | |
1811 total
» units
| Wisp | 60 | |
| Archer | 29 | |
| Huntress | 8 | |
| Hippogryph | 3 | |
100 total
» upgrades
| Moon Armor | 3 | |
| Strength of the Moon | 3 | |
| Ultravision | 1 | |
| Improved Bows | 1 | |
| Nature's Blessing | 1 | |
| Hippogryph Taming | 1 | |
| Strength of the Wild | 1 | |
| Reinforced Hides | 1 | |
| Marksmanship | 1 | |
| Well Spring | 1 | |
14 total
» buildings
| Moon Well | 5 | |
| Altar of Elders | 1 | |
| Ancient of War | 2 | |
| Ancient of Wonders | 1 | |
| Hunter's Hall | 1 | |
| Ancient Protector | 12 | |
| Tree of Ages | 2 | |
| Tree of Life | 3 | |
| Ancient of Wind | 2 | |
| Tree of Eternity | 1 | |
30 total
» build order
00:19 Moon Well
00:21 Altar of Elders
00:48 Ancient of War
01:37 Moon Well
01:51 Ancient of Wonders
03:25 Hunter's Hall
03:38 Moon Well
05:06 Ancient Protector
05:17 Ancient Protector
05:22 Ancient Protector
06:45 Tree of Ages
12:22 Tree of Life
12:26 Ancient Protector
12:29 Ancient Protector
12:31 Ancient Protector
12:34 Ancient Protector
12:37 Moon Well
12:39 Moon Well
16:06 Tree of Life
17:38 Tree of Life
17:59 Tree of Ages
22:05 Ancient Protector
22:08 Ancient Protector
22:47 Ancient Protector
23:53 Ancient of Wind
24:16 Ancient of Wind
24:56 Tree of Eternity
25:15 Ancient of War
26:01 Ancient Protector
27:17 Ancient Protector
» items
duttydred (
red | 78 APM | 3553 actions | 45:46)
6 Archmage
3 Blizzard
2 Brilliance Aura
1 Mass Teleport
4 Blood Mage
2 Flame Strike
1 Siphon Mana
1 Banish
» actions
| Assign group hotkey | 24 | |
| Basic commands | 447 | |
| Build / train | 79 | |
| ESC pressed | 2 | |
| Enter build submenu | 32 | |
| Enter hero's abilities submenu | 11 | |
| Give item / drop item | 1 | |
| Right click | 1505 | |
| Select / deselect | 470 | |
| Select group hotkey | 875 | |
| Use ability | 107 | |
3553 total
» units
| Peasant | 10 | |
| Footman | 5 | |
| Rifleman | 18 | |
| Mortar Team | 5 | |
| Siege Engine | 2 | |
40 total
» upgrades
| Gunpowder | 2 | |
| Long Rifles | 1 | |
| Flare | 1 | |
| Barrage | 1 | |
5 total
» buildings
| Farm | 10 | |
| Altar of Kings | 1 | |
| Barracks | 1 | |
| Lumber Mill | 1 | |
| Blacksmith | 1 | |
| Scout Tower | 7 | |
| Arcane Tower | 2 | |
| Arcane Vault | 1 | |
| Guard Tower | 4 | |
| Keep | 1 | |
| Workshop | 1 | |
| Castle | 1 | |
31 total
» build order
00:23 Farm
00:36 Altar of Kings
00:52 Barracks
01:09 Lumber Mill
01:28 Blacksmith
01:34 Farm
02:14 Scout Tower
02:30 Farm
02:39 Scout Tower
02:51 Scout Tower
02:58 Arcane Tower
03:10 Arcane Vault
03:16 Scout Tower
03:59 Farm
04:26 Guard Tower
04:30 Arcane Tower
04:42 Farm
05:36 Keep
05:39 Farm
07:45 Farm
08:25 Scout Tower
09:36 Guard Tower
10:03 Workshop
12:24 Farm
13:08 Farm
15:42 Farm
16:35 Castle
17:35 Scout Tower
18:11 Guard Tower
18:14 Scout Tower
18:45 Guard Tower
» items
| Scroll of Regeneration | 5 | |
| Scroll of Town Portal | 2 | |
| Mechanical Critter | 1 | |
| Boots of Speed | 1 | |
| Potion of Lesser Invulnerability | 1 | |
10 total
TheMerc (
pink | 38 APM | 1739 actions | 45:48)
6 Blademaster
3 Wind Walk
2 Critical Strike
1 Bladestorm
» actions
| Assign group hotkey | 30 | |
| Basic commands | 269 | |
| Build / train | 58 | |
| Enter build submenu | 47 | |
| Enter hero's abilities submenu | 6 | |
| Give item / drop item | 5 | |
| Remove unit from queue | 1 | |
| Right click | 712 | |
| Select / deselect | 317 | |
| Select group hotkey | 169 | |
| Use ability | 125 | |
1739 total
» units
» upgrades
| Ranged Weapons | 3 | |
| Armor | 3 | |
| Reinforced Defenses | 1 | |
| Envenomed Spears | 1 | |
8 total
» buildings
| Orc Burrow | 6 | |
| Altar of Storms | 1 | |
| Barracks | 1 | |
| Voodoo Lounge | 1 | |
| Stronghold | 1 | |
| War Mill | 1 | |
| Beastiary | 6 | |
| Great Hall | 3 | |
| Watch Tower | 27 | |
| Fortress | 1 | |
48 total
» build order
00:14 Orc Burrow
01:03 Altar of Storms
01:10 Orc Burrow
01:26 Barracks
02:07 Voodoo Lounge
02:56 Stronghold
03:54 War Mill
04:58 Orc Burrow
05:25 Beastiary
05:28 Beastiary
06:19 Great Hall
06:36 Orc Burrow
08:15 Watch Tower
08:15 Watch Tower
08:16 Watch Tower
08:16 Watch Tower
10:10 Fortress
10:25 Watch Tower
10:26 Watch Tower
10:27 Watch Tower
10:29 Watch Tower
10:51 Watch Tower
10:51 Watch Tower
12:43 Watch Tower
12:43 Watch Tower
12:45 Watch Tower
12:47 Watch Tower
13:48 Watch Tower
13:49 Watch Tower
14:28 Watch Tower
19:47 Beastiary
19:50 Beastiary
19:52 Beastiary
19:53 Beastiary
21:19 Great Hall
23:40 Orc Burrow
23:44 Orc Burrow
29:53 Watch Tower
29:53 Watch Tower
29:54 Watch Tower
29:54 Watch Tower
29:55 Watch Tower
29:55 Watch Tower
29:56 Watch Tower
32:27 Watch Tower
32:27 Watch Tower
32:28 Watch Tower
35:17 Great Hall
» items
| Healing Salve | 1 | |
| Orb of Corruption | 1 | |
| Periapt of Vitality | 2 | |
| Staff of Teleportation | 3 | |
| Boots of Speed | 2 | |
| Scroll of Town Portal | 4 | |
13 total
team 2 (loser)
nooboy (
blue | 107 APM | 1897 actions | 17:48)
4 Far Seer
2 Feral Spirit
2 Chain Lighting
» actions
| Assign group hotkey | 99 | |
| Basic commands | 24 | |
| Build / train | 38 | |
| ESC pressed | 1 | |
| Enter build submenu | 15 | |
| Enter hero's abilities submenu | 4 | |
| Right click | 855 | |
| Select / deselect | 213 | |
| Select group hotkey | 571 | |
| Use ability | 77 | |
1897 total
» units
| Peon | 9 | |
| Grunt | 6 | |
| Troll Batrider | 11 | |
26 total
» upgrades
| Liquid Fire | 1 | |
| Reinforced Defenses | 1 | |
2 total
» buildings
| Altar of Storms | 1 | |
| Orc Burrow | 4 | |
| Barracks | 1 | |
| Voodoo Lounge | 1 | |
| Stronghold | 1 | |
| Beastiary | 2 | |
| War Mill | 1 | |
| Fortress | 1 | |
| Great Hall | 1 | |
| Watch Tower | 3 | |
16 total
» build order
00:08 Altar of Storms
00:11 Orc Burrow
01:05 Barracks
01:27 Orc Burrow
01:55 Voodoo Lounge
03:33 Stronghold
05:58 Beastiary
05:59 Beastiary
06:05 War Mill
06:32 Fortress
06:38 Orc Burrow
07:19 Great Hall
07:47 Orc Burrow
09:55 Watch Tower
12:51 Watch Tower
12:51 Watch Tower
» items
| Healing Salve | 2 | |
| Scroll of Speed | 1 | |
3 total
GreenSpace (
green | 61 APM | 1087 actions | 17:52)
4 Archmage
2 Blizzard
2 Brilliance Aura
3 Blood Mage
2 Flame Strike
1 Siphon Mana
2 Mountain King
1 Storm Bolt
1 Bash
» actions
| Assign group hotkey | 22 | |
| Basic commands | 21 | |
| Build / train | 63 | |
| ESC pressed | 2 | |
| Enter build submenu | 16 | |
| Enter hero's abilities submenu | 9 | |
| Give item / drop item | 2 | |
| Remove unit from queue | 1 | |
| Right click | 413 | |
| Select / deselect | 262 | |
| Select group hotkey | 205 | |
| Use ability | 71 | |
1087 total
» units
| Peasant | 10 | |
| Priest | 9 | |
| Sorceress | 11 | |
30 total
» upgrades
| Masonry | 1 | |
| Lumber Harvesting | 1 | |
| Priest Training | 2 | |
| Sorceress Training | 2 | |
| Magic Sentry | 1 | |
7 total
» buildings
| Lumber Mill | 1 | |
| Altar of Kings | 1 | |
| Farm | 7 | |
| Scout Tower | 4 | |
| Arcane Tower | 1 | |
| Keep | 1 | |
| Arcane Vault | 1 | |
| Arcane Sanctum | 2 | |
| Guard Tower | 2 | |
| Castle | 1 | |
| Blacksmith | 1 | |
22 total
» build order
00:38 Lumber Mill
00:51 Altar of Kings
00:53 Farm
01:23 Farm
02:03 Scout Tower
02:07 Farm
02:46 Farm
02:50 Arcane Tower
03:22 Keep
03:31 Arcane Vault
04:12 Scout Tower
04:13 Scout Tower
05:55 Arcane Sanctum
05:58 Arcane Sanctum
06:01 Guard Tower
06:05 Scout Tower
06:34 Farm
06:48 Guard Tower
06:50 Castle
08:07 Farm
08:28 Blacksmith
09:36 Farm
» items
| Healing Salve | 1 | |
| Boots of Speed | 2 | |
| Orb of Fire | 1 | |
| Scroll of Town Portal | 3 | |
7 total

»
dead-bite (
orange | 36 APM | 628 actions | 17:35)
3 Pit Lord
2 Rain of Fire
1 Howl of Terror
» actions
| Build / train | 73 | |
| Enter build submenu | 22 | |
| Enter hero's abilities submenu | 3 | |
| Right click | 215 | |
| Select / deselect | 275 | |
| Use ability | 40 | |
628 total
» units
| Peasant | 20 | |
| Footman | 9 | |
| Mortar Team | 4 | |
| Rifleman | 5 | |
| Flying Machine | 16 | |
54 total
» upgrades
| Armor | 3 | |
| Gunpowder | 1 | |
| Long Rifles | 1 | |
| Lumber Harvesting | 1 | |
| Masonry | 1 | |
7 total
» buildings
| Altar of Kings | 1 | |
| Farm | 9 | |
| Barracks | 2 | |
| Lumber Mill | 1 | |
| Blacksmith | 1 | |
| Keep | 1 | |
| Scout Tower | 2 | |
| Guard Tower | 2 | |
| Arcane Vault | 1 | |
| Workshop | 2 | |
| Town Hall | 1 | |
| Castle | 1 | |
24 total
» build order
00:27 Altar of Kings
00:42 Farm
01:03 Barracks
01:27 Farm
02:10 Lumber Mill
02:19 Farm
02:41 Blacksmith
02:47 Barracks
03:00 Farm
03:55 Keep
04:14 Scout Tower
04:25 Scout Tower
04:47 Guard Tower
05:02 Guard Tower
05:08 Farm
05:45 Arcane Vault
05:49 Farm
06:44 Workshop
06:53 Workshop
08:26 Town Hall
08:36 Castle
09:25 Farm
14:48 Farm
15:55 Farm
» items
| Scroll of Regeneration | 1 | |
| Lesser Clarity Potion | 2 | |
| Scroll of Town Portal | 1 | |
4 total
Reactor (
yellow | 106 APM | 4830 actions | 45:46)
11 Archmage
3 Summon Water Elemental
3 Brilliance Aura
2 Mass Teleport
3 Blizzard
1 Blood Mage
1 Siphon Mana
» actions
| Assign group hotkey | 147 | |
| Basic commands | 299 | |
| Build / train | 272 | |
| ESC pressed | 14 | |
| Enter build submenu | 100 | |
| Enter hero's abilities submenu | 13 | |
| Give item / drop item | 5 | |
| Remove unit from queue | 1 | |
| Right click | 1681 | |
| Select / deselect | 672 | |
| Select group hotkey | 1213 | |
| Use ability | 413 | |
4830 total
» units
| Peasant | 26 | |
| Footman | 6 | |
| Dragonhawk Rider | 8 | |
| Gryphon Rider | 12 | |
52 total
» upgrades
| Masonry | 3 | |
| Defend | 1 | |
| Lumber Harvesting | 2 | |
| Storm Hammers | 1 | |
| Cloud | 1 | |
| Animal War Training | 1 | |
| Swords | 3 | |
| Armor | 3 | |
| Backpack | 1 | |
16 total
» buildings
| Altar of Kings | 3 | |
| Barracks | 1 | |
| Farm | 14 | |
| Arcane Vault | 4 | |
| Lumber Mill | 1 | |
| Scout Tower | 56 | |
| Town Hall | 3 | |
| Guard Tower | 102 | |
| Arcane Tower | 8 | |
| Keep | 8 | |
| Castle | 13 | |
| Gryphon Aviary | 6 | |
| Blacksmith | 2 | |
221 total
» build order
00:55 Altar of Kings
00:58 Barracks
01:00 Farm
01:06 Farm
01:40 Farm
02:10 Arcane Vault
02:11 Farm
03:20 Lumber Mill
04:09 Scout Tower
04:46 Town Hall
04:58 Scout Tower
04:59 Scout Tower
05:00 Scout Tower
05:08 Scout Tower
05:10 Scout Tower
05:33 Guard Tower
05:33 Guard Tower
05:34 Guard Tower
05:34 Guard Tower
05:36 Arcane Tower
05:36 Arcane Tower
05:38 Arcane Tower
05:38 Arcane Tower
05:38 Arcane Tower
06:12 Guard Tower
06:12 Guard Tower
06:12 Guard Tower
06:47 Scout Tower
06:48 Scout Tower
06:53 Scout Tower
06:54 Scout Tower
07:04 Keep
07:05 Keep
07:26 Guard Tower
07:26 Guard Tower
07:26 Guard Tower
08:18 Scout Tower
08:21 Scout Tower
08:23 Scout Tower
08:25 Scout Tower
08:27 Scout Tower
08:57 Guard Tower
08:57 Guard Tower
08:57 Guard Tower
08:58 Guard Tower
08:58 Guard Tower
08:58 Guard Tower
08:59 Guard Tower
08:59 Guard Tower
08:59 Guard Tower
09:10 Guard Tower
09:10 Guard Tower
09:10 Guard Tower
09:14 Guard Tower
09:14 Guard Tower
09:18 Scout Tower
09:19 Scout Tower
09:20 Scout Tower
09:48 Scout Tower
10:27 Castle
10:27 Castle
10:27 Castle
11:23 Guard Tower
11:23 Guard Tower
11:46 Town Hall
11:49 Scout Tower
11:50 Scout Tower
11:51 Scout Tower
11:54 Scout Tower
11:56 Guard Tower
12:20 Guard Tower
12:20 Guard Tower
12:20 Guard Tower
12:20 Guard Tower
12:21 Guard Tower
12:21 Guard Tower
12:21 Guard Tower
12:21 Guard Tower
12:39 Guard Tower
12:40 Guard Tower
12:40 Guard Tower
13:32 Gryphon Aviary
13:51 Gryphon Aviary
14:38 Scout Tower
14:38 Scout Tower
14:38 Scout Tower
14:39 Scout Tower
14:40 Scout Tower
15:23 Blacksmith
15:27 Guard Tower
15:27 Guard Tower
15:27 Guard Tower
15:29 Guard Tower
16:05 Scout Tower
16:06 Scout Tower
16:07 Scout Tower
16:08 Scout Tower
16:26 Scout Tower
16:27 Scout Tower
16:29 Scout Tower
16:32 Scout Tower
16:40 Guard Tower
16:40 Guard Tower
17:38 Guard Tower
17:38 Guard Tower
17:47 Scout Tower
17:48 Scout Tower
17:49 Scout Tower
17:51 Scout Tower
17:52 Scout Tower
18:54 Guard Tower
18:55 Guard Tower
19:24 Scout Tower
19:29 Scout Tower
19:30 Scout Tower
19:30 Scout Tower
19:58 Guard Tower
19:58 Guard Tower
19:58 Guard Tower
20:04 Guard Tower
20:04 Guard Tower
20:05 Guard Tower
20:05 Guard Tower
21:17 Farm
21:19 Farm
21:21 Farm
22:41 Keep
22:52 Farm
22:55 Farm
23:39 Arcane Vault
23:49 Scout Tower
23:50 Scout Tower
23:52 Scout Tower
23:53 Scout Tower
23:54 Scout Tower
25:43 Altar of Kings
26:15 Arcane Vault
26:54 Castle
26:54 Castle
26:55 Castle
27:04 Gryphon Aviary
27:07 Gryphon Aviary
29:36 Keep
29:37 Keep
30:24 Farm
30:28 Farm
30:40 Altar of Kings
32:38 Castle
32:39 Castle
32:39 Castle
32:40 Gryphon Aviary
32:43 Gryphon Aviary
34:04 Arcane Vault
36:03 Town Hall
36:37 Farm
36:39 Farm
38:10 Scout Tower
38:11 Scout Tower
38:20 Scout Tower
38:23 Scout Tower
38:28 Scout Tower
38:38 Guard Tower
38:38 Guard Tower
38:38 Guard Tower
38:42 Guard Tower
38:43 Guard Tower
38:43 Guard Tower
38:47 Scout Tower
38:49 Guard Tower
38:49 Guard Tower
38:50 Guard Tower
38:50 Guard Tower
38:50 Guard Tower
38:55 Guard Tower
38:55 Guard Tower
38:55 Guard Tower
39:13 Blacksmith
43:21 Farm
43:58 Guard Tower
43:58 Guard Tower
43:58 Guard Tower
» items
| Scroll of Regeneration | 9 | |
| Periapt of Vitality | 1 | |
| Staff of Sanctuary | 1 | |
| Mechanical Critter | 2 | |
| Lesser Clarity Potion | 1 | |
| Scroll of Town Portal | 5 | |
| Potion of Healing | 7 | |
| Tome of Retraining | 1 | |
27 total
Chat log
(00:21 / Allies) 1[S3: iwillpoewrfdulghoul rush
(00:23 / Allies) 1[S3: powerful ghoul rush
(00:25 / All) TheMerc: There are discrepencies in the work flow
(00:36 / All) TheMerc: Slight disturbances in the overall projected efficiency
(01:34 / All) TheMerc: big disturbances in the force
(02:35 / Allies) 1[S3: pound zone
(02:41 / Allies) 1[S3: rush
(03:18 / Allies) 1[S3: rush
(03:31 / Allies) 1[S3: pink
(03:41 / Allies) TheMerc: I didn't sign any such contract
(04:54 / All) Reactor: level 1 harassing retard
(06:02 / All) Reactor: SURROUNDED
(06:03 / All) Reactor: BITCH
(06:07 / All) Reactor: tping level 1 hero
(06:08 / All) Reactor: LOL
(08:29 / Allies) 1[S3: wood
(08:51 / All) TheMerc: oh I thought blue was our teal
(08:54 / All) TheMerc: our team
(15:13 / All) Reactor: Blue is trying to tk with his last units
(15:21 / All) TheMerc: he fed me to level 6 lawl
(15:35 / All) TheMerc: probably unintentionally
(17:33 / All) dead-bite: 1v4
(17:41 / All) GreenSpace: yellow is bsinga ll game long
(17:46 / All) TheMerc: what a diva
(17:56 / All) Reactor: Fucking babies
(19:08 / All) TheMerc: I like orb of corruption mroe than frost
(19:13 / All) TheMerc: but frost is good is you're chasing a hero
(19:42 / Allies) TheMerc: lumber?
(20:29 / Allies) duttydred: guys?
(20:43 / All) TheMerc: another frost
(21:11 / Allies) TheMerc: I need lumber
(22:57 / Allies) TheMerc: Lumber
(25:24 / Allies) duttydred: lol
(25:25 / Allies) duttydred: k
(25:27 / Allies) duttydred: pink
(25:54 / Allies) duttydred: why are u killing me
(26:01 / Allies) TheMerc: You got a mouth on you
(26:06 / Allies) TheMerc: And you're greedy with the supplies
(28:03 / Allies) TheMerc: Better give lumber motherfucker ppurple
(28:35 / Allies) TheMerc: That's not quite good enough
(33:27 / Allies) surtain23: welp, time to alt tab and let pink and yellow play with themselves
(34:25 / Allies) TheMerc: Stop running, bitch
(34:31 / Allies) TheMerc: You're only gonna end up with a dick in your ass
(35:29 / All) Reactor: wtf
(35:36 / All) Reactor: tome of retraining doesn't remove summon water elemental?
(35:40 / All) TheMerc: yes it does
(35:41 / All) Reactor: It must be because I had one summoned
(35:45 / All) Reactor: It didn't for me
(35:49 / All) Reactor: Unless I misclicked
(35:54 / All) Reactor: since I changed my D and F around
(35:56 / All) Reactor: and didn't notice lawl
(38:55 / All) TheMerc: teal sure is afk
(40:55 / Allies) 1[S3: hahadildo
(40:58 / Allies) 1[S3: missed some
(43:34 / All) TheMerc: Any thoughts, guys?
(43:46 / All) Reactor: I think they're all going to lose
(45:46 / All) Reactor: DROP